 Dungeon Crawl Stone Soup version 0.31-a0-960-g0fca184906 (webtiles) character file.

Game seed: 228599576853087328

9228 IndexError the Thaumaturge (level 11, -4/76 (81) HPs)
             Began as a Demonspawn Conjurer on Oct 23, 2023.
             Was a Believer of Sif Muna.
             Slain by a tengu warrior
             ... wielding the +7 halberd of Vanity {drain, *Slow Will- Dex+9 Stlth+}
              (17 damage)
             ... on level 9 of the Dungeon.
             The game lasted 00:31:33 (13381 turns).

IndexError the Thaumaturge (Demonspawn Conjurer)   Turns: 13381, Time: 00:31:34

HP:   -4/76 (81)    AC:  8    Str:  7    XL:     11   Next: 20%
MP:   6/25          EV: 11    Int: 35    God:    Sif Muna [**....]
Gold: 392           SH:  4    Dex: 13    Spells: 9/31 levels left

rFire   . . .        a - +3 whip (elec)
rCold   + . .        (no shield)
rNeg    . . .        I - +2 scale mail {rC+}
rPois   .            H - +0 mask of the Dragon {Will+ Slay+3 SInv}
rElec   .            v - +0 cloak
rCorr   .            (no gloves)
SInv    +            n - +2 pair of boots {Fly}
Will    +....        (no amulet)
Stlth   ++           e - +6 ring of intelligence
HPRegen 0.32/turn    E - +6 ring of intelligence
MPRegen 0.19/turn

%: no passive effects
@: lethally poisoned (-4 -> -11), corroded, flying, slowed, drained, very slow
A: antennae 2, demonic guardian 2, sturdy frame 3, condensation shield
a: Renounce Religion, Channel Magic


You were on level 9 of the Dungeon.
You worshipped Sif Muna.
Sif Muna was pleased with you.
You visited 2 branches of the dungeon, and saw 10 of its levels.

You collected 553 gold pieces.
You spent 161 gold pieces at shops.

Inventory:

Hand Weapons
 a - a +3 whip of electrocution (weapon)
   (You found it on level 7 of the Dungeon)
Missiles
 d - 14 poisoned darts
 i - 2 boomerangs
Armour
 n - a +2 pair of boots of flying (worn)
   (You bought it in a shop on level 8 of the Dungeon)
 v - a +0 cloak (worn)
   (You took it off Maurice on level 8 of the Dungeon)
 H - the +0 mask of the Dragon (worn) {Will+ Slay+3 SInv}
   (You found it on level 7 of the Dungeon)

   Slay+3:    It affects your accuracy & damage with ranged weapons and melee
   (+3).
   Will+:     It increases your willpower.
   SInv:      It lets you see invisible.
 I - a +2 scale mail of cold resistance (worn)
   (You found it on level 3 of the Dungeon)
Magical Staves
 f - a staff of death {rN+}
   (You found it on level 3 of the Dungeon)
Jewellery
 e - a +6 ring of intelligence (left hand)
   (You found it on level 1 of the Dungeon)
 j - a ring of positive energy {rN+}
   (You found it on level 1 of the Dungeon)
 E - a +6 ring of intelligence (right hand)
   (You found it on level 6 of the Dungeon)
Wands
 g - a wand of charming (5)
   (You found it on level 8 of the Dungeon)
 w - a wand of iceblast (10)
   (You found it on level 4 of the Dungeon)
 y - a wand of flame (9)
   (You took it off Grum on level 9 of the Dungeon)
Scrolls
 h - 3 scrolls of teleportation
 l - 2 scrolls of blinking {!r}
 m - 4 scrolls of revelation
 q - a scroll of brand weapon
 r - 2 scrolls of silence
 s - a scroll of immolation {!r}
 B - a scroll of vulnerability {!r!r}
 C - a scroll of summoning
 D - 3 scrolls of poison {!r}
 G - a scroll of torment {!r}
Potions
 b - a potion of magic
 c - 2 potions of heal wounds
 k - 2 potions of ambrosia {unknown}
 o - 3 potions of mutation {unknown}
 p - a potion of brilliance
 t - 4 potions of curing {unknown}
 u - a potion of attraction {unknown}
 x - a potion of resistance {unknown}
 z - 2 potions of enlightenment {unknown}
 A - 2 potions of lignification {unknown}
 F - 2 potions of haste {unknown}


   Skills:
 + Level 5.8 Fighting
 - Level 1.7 Dodging
 - Level 1.7 Stealth
 + Level 10.5 Spellcasting
 - Level 10.4 Conjurations
 - Level 5.0 Hexes
 - Level 5.0 Translocations


You had 9 spell levels left.
You knew the following spells:

 Your Spells              Type           Power      Damage    Failure   Level
a - Magic Dart            Conj           100%       1d8       1%          1
b - Searing Ray           Conj           100%       2d8       1%          2
c - Fulminant Prism       Conj/Hex       32%        3d15      1%          4
d - Freezing Cloud        Conj/Ice/Air   21%        6-21      24%         5
e - Mephitic Cloud        Conj/Pois/Air  42%        N/A       2%          3
f - Ignite Poison         Fire/Tmut/Pois 18%        N/A       11%         3
x - Iskenderun's Mystic   Conj/Tloc      64%        2d13      1%          4

Your spell library contained the following spells:

 Spells                   Type           Power      Damage    Failure   Level
 Apportation              Tloc           100%       N/A       1%          1
 Dazzling Flash           Conj/Hex       100%       N/A       1%          3
 Necrotise                Necr           72%        1d7       3%          1
 Summon Small Mammal      Summ           72%        N/A       3%          1
 Cigotuvi's Dreadful Rot  Necr/Pois/Air  36%        N/A       5%          2
 Poisonous Vapours        Pois/Air       36%        N/A       5%          2
 Leda's Liquefaction      Hex/Erth       17%        N/A       13%         4
 Summon Ice Beast         Ice/Summ       18%        N/A       34%         4
 Bombard                  Conj/Erth      26%        9d5       54%         6
 Lee's Rapid Deconstruct  Erth           9%         3d7*      69%         5
 Infestation              Necr           9%         N/A       100%        8


Dungeon Overview and Level Annotations

Branches:
Dungeon (9/15)             Temple (1/1) D:6
   Lair: D:8-11         Orc: D:9-12

Altars:
Cheibriados
Fedhas
Gozag
Hepliaklqana
Kikubaaqudgha
Makhleb
Okawaru
Qazlal
Ru
Sif Muna
Trog
Uskayaw
Vehumet
Wu Jian
Yredelemnul

Shops:
D:4 =   D:8 ?=[(!


Innate Abilities, Weirdness & Mutations

You have a pair of antennae on your head.
A demonic guardian rushes to your aid.
Your movements are significantly less encumbered by armour. (ER -6)
A meltable shield of frost defends you. (SH +4)


Message History

You feel sick.
You are no longer poisoned.
You take 1 damage, and have 76/81 hp.
You now have 12/25 mp.
The searing ray misses the kobold brigand.
You now have 11/25 mp.
The searing ray misses the kobold brigand.
You finish channelling your searing ray.
The kobold brigand hits you but does no damage.
Casting: Searing Ray (safe; 1% risk of failure)
Confirm with . or Enter, or press ? or * to list all spells.
You erupt in a blast of force!
The mystic blast hits the kobold brigand!
Sif Muna accepts your kill.
You now have 7/25 mp.
d - 14 poisoned darts (gained 6)
Items here: )) [ รท.
Health restored: 81; MP restored: 25
Things that are here:
a +0 giant spiked club; a +0 giant club; a two-headed ogre corpse You now have 392 gold pieces (gained 13).
Things that are here:
a +0 dagger; a +0 robe; an orc corpse You see here a +0 shortbow.
You see here a +0 orcbow of flaming.
There is an open door here.
A tengu warrior comes into view.
It is wielding the +7 halberd of Vanity {drain, *Slow Will- Dex+9 Stlth+} and wearing the +0 chain mail of the Vacuum {Regen+ Str-5 Dex+8}.
Things that are here:
a +0 robe; a +3 dagger of speed The tengu warrior shouts!
You reach down and close the door.
A tengu warrior opens the door.
Casting: Iskenderun's Mystic Blast (dangerous; 1% risk of failure)
Confirm with . or Enter, or press ? or * to list all spells.
Aiming: Fulminant Prism (dangerous; 1% risk of failure)
Press: ? - help, Dir - move target You conjure a prism of explosive energy!
A fulminant prism comes into view.
You now have 21/25 mp.
Your fulminant prism crackles loudly.
The tengu warrior hits your fulminant prism with the +7 halberd of Vanity {drain, *Slow Will- Dex+9 Stlth+}.
The tengu warrior pecks your fulminant prism!
The tengu warrior claws your fulminant prism.
A hornet comes into view.
The blast of energy engulfs the tengu warrior!!
The hornet buzzes angrily.
You hear a roar!
You hear a shout!
Casting: Fulminant Prism (dangerous; 1% risk of failure)
Confirm with . or Enter, or press ? or * to list all spells.
Aiming: Fulminant Prism (dangerous; 1% risk of failure)
Press: ? - help, Dir - move target You conjure a prism of explosive energy!
A fulminant prism comes into view.
You now have 17/25 mp.
Casting: Fulminant Prism (dangerous; 1% risk of failure)
Confirm with . or Enter, or press ? or * to list all spells.
You erupt in a blast of force!
The mystic blast hits the hornet!
The hornet is knocked back by the mystic blast.
Your fulminant prism crackles loudly.
You now have 14/25 mp.
Casting: Iskenderun's Mystic Blast (dangerous; 1% risk of failure)
Confirm with . or Enter, or press ? or * to list all spells.
Aiming: Searing Ray (safe; 1% risk of failure)
Press: ? - help, Shift-Dir - straight line, f - hornet
Aim: a hornet (heavily wounded, 74% to hit)
The searing ray hits the hornet but does no damage. (Press . to maintain the ray.)
The blast of energy engulfs the tengu warrior!
You now have 12/25 mp.
The searing ray hits the hornet!
The hornet stings you but does no damage.
The tengu warrior hits you from afar with the +7 halberd of Vanity {drain, *Slow Will- Dex+9 Stlth+}!
You feel drained.
You take 15 damage, and have 66/79 hp.
You now have 11/25 mp.
The searing ray misses the hornet.
The hornet barely misses you.
The tengu warrior hits you from afar with the +7 halberd of Vanity {drain, *Slow Will- Dex+9 Stlth+}!
You feel drained. The hornet stings you!
You feel yourself slow down.
You take 27 damage, and have 39/76 hp.
MASSIVE DAMAGE!!
You now have 10/25 mp.
The searing ray misses the hornet.
You finish channelling your searing ray.
The hornet stings you!
You are poisoned.
You feel as though you will be slow longer.
The tengu warrior completely misses you.
The hornet stings you but does no damage.
An acid dragon comes into view.
The tengu warrior barely misses you.
You take 8 damage, and have 31/76 hp.
You now have 9/25 mp.
Casting: Searing Ray (safe; 1% risk of failure)
Confirm with . or Enter, or press ? or * to list all spells.
You erupt in a blast of force!
The mystic blast hits the tengu warrior but does no damage.
The mystic blast hits the hornet.
The hornet is knocked back by the mystic blast.
The acid dragon roars!
You feel very sick. The acid dragon spits acid at you.
The splash of acid hits you!
* * * LOW HITPOINT WARNING * * *
A demonic guardian appears!
The acid corrodes you!
The tengu warrior hits you from afar with the +7 halberd of Vanity {drain, *Slow Will- Dex+9 Stlth+}!
You die...

#.########## #.'.........
#.[....... ##..##########
#.# #...# #.....
#.#..#...###....
########.#..##Q..##..#
.......#.#...#.4..#D.#
######.#.#...##.@..y.#
.......#.#....###....##
########.#......####..#
.........#[........##'#
#######)##...)......).##
{ # #.[)))...........# {
#############..........##
......# ####........###
.~~...# ###........####


You could see a tengu warrior (ally target), a hornet, an acid dragon and a
friendly ice devil (summoned).

Vanquished Creatures
  3 two-headed ogres
  A centaur warrior (D:9)
  Maurice (D:8)
  An unseen horror (D:9)
  A kobold demonologist (D:9)
  2 trolls
  Grinder (D:4)
  A wraith (D:9)
  5 yaks (D:9)
  A vampire (D:9)
  A wyvern (D:9)
  Grum (D:9)
  4 steam dragons
  Edmund (D:5)
  3 acid dragons
  A water moccasin (D:7)
  A black bear (D:7)
  An orc warrior (D:8)
  An ice beast (D:6)
  2 ogres
  4 centaurs
  2 wolves (D:9)
  2 kobold brigands
  A bullfrog (D:7)
  A gnoll sergeant (D:9)
  A scorpion (D:5)
  3 wights
  7 killer bees
  2 howler monkeys
  4 hounds
  2 sleepcaps
  2 orc priests
  2 jellies
  6 iguanas
  6 orc wizards
  2 mummies
  Robin (D:2)
  13 gnolls
  9 adders
  A shadow imp (D:7)
  A white imp (D:8)
  2 ufetubi (D:7)
  A dart slug (D:2)
  19 orcs
  4 bats
  4 endoplasms
  5 giant cockroaches
  20 goblins
  11 hobgoblins
  6 jackals (D:4)
  3 quokkas
  10 ball pythons
  5 frilled lizards
  2 hobgoblin zombies (D:7)
  9 kobolds
  A kobold zombie (D:7)
  An orc zombie (D:7)
  9 rats
217 creatures vanquished.

Vanquished Creatures (collateral kills)
  An acid dragon (D:9)
  A gnoll sergeant (D:7)
  A killer bee (D:9)
  A sleepcap (D:4)
  2 gnolls (D:7)
6 creatures vanquished.

Vanquished Creatures (others)
  27 fulminant prisms
27 creatures vanquished.

Grand Total: 250 creatures vanquished

Notes
Turn   | Place    | Note
-------+----------+-------------------------------------------
     0 | D:1      | IndexError the Demonspawn Conjurer began the quest for the
                  | Orb.
     0 | D:1      | Reached XP level 1. HP: 13/13 MP: 3/3
   306 | D:1      | Gained mutation: A weak demonic guardian rushes to your
                  | aid. [demonic ancestry]
   306 | D:1      | Reached XP level 2. HP: 19/19 MP: 3/5
   783 | D:1      | Learned a level 2 spell: Searing Ray
  1438 | D:2      | Gained mutation: You have a pair of small antennae on your
                  | head. [demonic ancestry]
  1438 | D:2      | Reached XP level 3. HP: 24/24 MP: 2/7
  1763 | D:2      | Reached skill level 3 in Spellcasting
  1915 | D:2      | Found an iron altar of Okawaru.
  2077 | D:2      | Gained mutation: You have a pair of antennae on your head.
                  | [demonic ancestry]
  2077 | D:2      | Reached XP level 4. HP: 30/30 MP: 6/8
  2083 | D:2      | Noticed Robin
  2183 | D:2      | Killed Robin
  2184 | D:2      | Reached skill level 5 in Conjurations
  2652 | D:3      | Gained mutation: Your movements are slightly less
                  | encumbered by armour. (ER -2) [demonic ancestry]
  2652 | D:3      | Reached XP level 5. HP: 27/35 MP: 0/10
  3112 | D:3      | Found a shimmering blue altar of Sif Muna.
  3260 | D:3      | Reached skill level 4 in Spellcasting
  3360 | D:3      | Found a hazy altar of Hepliaklqana.
  3618 | D:3      | Found a burning altar of Makhleb.
  3618 | D:3      | Noticed an Executioner
  3621 | D:3      | Noticed a smoke demon
  3621 | D:3      | Noticed an orange demon
  3747 | D:3      | Found a faded altar of an unknown god.
  3955 | D:4      | Noticed Grinder
  3956 | D:4      | Noticed an ogre
  4024 | D:4      | Gained mutation: Your movements are less encumbered by
                  | armour. (ER -4) [demonic ancestry]
  4024 | D:4      | Reached XP level 6. HP: 41/41 MP: 4/12
  4026 | D:4      | Reached skill level 6 in Conjurations
  4440 | D:4      | Found Tykosata's Jewellery Shop.
  4725 | D:4      | Killed Grinder
  4726 | D:4      | Reached skill level 5 in Spellcasting
  4726 | D:4      | Gained mutation: A demonic guardian rushes to your aid.
                  | [demonic ancestry]
  4726 | D:4      | Reached XP level 7. HP: 46/46 MP: 5/15
  4857 | D:4      | Reached skill level 7 in Conjurations
  4974 | D:4      | Found a sacrificial altar of Ru.
  5212 | D:5      | Entered Level 5 of the Dungeon
  5350 | D:5      | Reached skill level 6 in Spellcasting
  5519 | D:5      | Found a stormy altar of Qazlal.
  5634 | D:5      | Gained mutation: Your movements are significantly less
                  | encumbered by armour. (ER -6) [demonic ancestry]
  5634 | D:5      | Reached XP level 8. HP: 51/52 MP: 12/17
  5673 | D:5      | Found an ancient bone altar of Kikubaaqudgha.
  5805 | D:5      | Noticed Edmund
  5818 | D:5      | Killed Edmund
  5819 | D:5      | Reached skill level 8 in Conjurations
  6115 | D:5      | Found a snail-covered altar of Cheibriados.
  6570 | D:6      | Reached skill level 7 in Spellcasting
  7076 | D:6      | Found a staircase to the Ecumenical Temple.
  7104 | Temple   | Entered the Ecumenical Temple
  7198 | D:3      | Became a worshipper of Sif Muna the Loreminder
  7795 | D:7      | Identified the of Fibegg
  8007 | D:7      | Reached skill level 9 in Conjurations
  8295 | D:7      | Found the +0 mask of the Dragon {Will+ Slay+3 SInv}
  8504 | D:7      | Gained mutation: A meltable shield of frost defends you.
                  | (SH +4) [demonic ancestry]
  8504 | D:7      | Reached XP level 9. HP: 57/57 MP: 7/20
  8761 | D:3      | Learned a level 4 spell: Fulminant Prism
  8766 | D:3      | Learned a level 4 spell: Iskenderun's Mystic Blast
  9106 | D:7      | Reached skill level 8 in Spellcasting
  9449 | D:8      | Found Inonysm's Distillery.
  9565 | D:8      | Found Irach's Magic Scroll Emporium.
  9742 | D:8      | Found Hophacer's Jewellery Boutique.
  9754 | D:8      | Found Qisaez's Armour Shoppe.
  9758 | D:8      | Bought a +0 pair of boots of flying for 161 gold pieces
 10023 | D:8      | Noticed a two-headed ogre
 10033 | D:8      | Reached * piety under Sif Muna
 10034 | D:8      | Killed a two-headed ogre
 10035 | D:8      | Reached skill level 9 in Spellcasting
 10035 | D:8      | Reached skill level 10 in Conjurations
 10167 | D:8      | Found Pamavob's Antique Weapon Shop.
 10181 | D:8      | Noticed Maurice
 10225 | D:8      | Killed Maurice
 10226 | D:8      | Reached skill level 1 in Fighting
 10226 | D:8      | Reached skill level 1 in Hexes
 10226 | D:8      | Reached skill level 1 in Translocations
 10598 | D:8      | Reached skill level 2 in Fighting
 10803 | D:8      | Found a radiant altar of Vehumet.
 10803 | D:8      | Found a bloodstained altar of Trog.
 10859 | D:8      | Reached skill level 2 in Hexes
 11415 | D:9      | Reached skill level 2 in Translocations
 11421 | D:9      | Reached XP level 10. HP: 42/67 MP: 7/23
 11842 | D:9      | Noticed a two-headed ogre
 11863 | D:9      | Reached skill level 3 in Fighting
 11863 | D:9      | Reached skill level 3 in Hexes
 11864 | D:9      | Killed a two-headed ogre
 11865 | D:9      | Reached skill level 3 in Translocations
 11998 | D:9      | HP: 15/70 [acid dragon/splash of acid (11)]
 12190 | D:9      | Noticed Grum
 12214 | D:9      | Learned a level 5 spell: Freezing Cloud
 12218 | D:9      | Learned a level 3 spell: Mephitic Cloud
 12222 | D:9      | Learned a level 3 spell: Ignite Poison
 12308 | D:9      | Reached skill level 4 in Fighting
 12308 | D:9      | Reached skill level 4 in Hexes
 12325 | D:9      | Reached ** piety under Sif Muna
 12371 | D:9      | Reached skill level 4 in Translocations
 12381 | D:9      | Noticed a centaur warrior
 12392 | D:9      | Killed a centaur warrior
 12393 | D:9      | Reached skill level 10 in Spellcasting
 12402 | D:9      | HP: 18/73 [vampire/vampiric draining (10)]
 12708 | D:9      | Noticed a sixfirhy
 12845 | D:8      | Reached skill level 5 in Fighting
 12845 | D:8      | Reached skill level 5 in Hexes
 12935 | D:9      | Reached XP level 11. HP: 59/79 MP: 17/25
 13062 | D:9      | Killed Grum
 13151 | D:9      | Noticed a two-headed ogre
 13160 | D:9      | Killed a two-headed ogre
 13161 | D:9      | Reached skill level 5 in Translocations
 13365 | D:9      | Identified the +7 halberd of Vanity {drain, *Slow Will-
                  | Dex+9 Stlth+}
 13365 | D:9      | Identified the +0 chain mail of the Vacuum {Regen+ Str-5
                  | Dex+8}
 13365 | D:9      | Noticed a tengu warrior
 13381 | D:9      | HP: 13/76 [acid dragon/splash of acid (15)]
 13381 | D:9      | Slain by a tengu warrior

Illustrated notes

Levels and vault maps discovered:
D:1:      dpeg_arrival_fog, layout_basic
D:2:      wad_pebble_path, layout_rooms, basic_altar, uniq_robin
D:3:      layout_loops_ring, nzn_hepliaklqana_mist_gate,
          makhleb_altar_promises_db, mainiacjoe_overflow_tiny_flanked,
          hellmonk_ecumenical_altar_inner_sanctum, grunt_ministairs_12
D:4:      layout_rooms, nicolae_ru_sacrificial_ziggurat, serial_glass,
          glass_columns_c, glass_columns_b, minmay_shop_enchanted_jewellery,
          uniq_grinder
D:5:      layout_basic, nicolae_qazlal_general_emergency, chei_slow_surprise,
          marbit_many_paths, uniq_edmund
D:6:      layout_layer_cave, minmay_temple_entry_waves
D:7:      layout_basic, minmay_mini_ossuary
D:8:      layout_basic, gammafunk_temple_overflow_wave, serial_shops,
          nicolae_shop_getting_attention, shop, shop, shop, shop, minmay_puff,
          uniq_maurice
D:9:      minmay_quarter_circles, layout_basic, nemelex_diamond_rough_becter,
          ashenzari_altar_1, nicolae_dithmenos_the_darkroom,
          mainiacjoe_overflow_paths, uniq_grum, uniq_jeremiah
Temple:   nicolae_temple_colour_theory

Skill      XL: |  1  2  3  4  5  6  7  8  9 10 11 |
---------------+----------------------------------+-----
Spellcasting   | 3 4 5 6 7 9 10 | 10.5
Conjurations   | 5 6 7 9 10 | 10.4
Fighting       | 2 5 |  5.8
Hexes          | 2 5 |  5.0
Translocations | 2 4 5 |  5.0
Dodging        | |  1.7
Stealth        | |  1.7

Action                     |  1- 3 |  4- 6 |  7- 9 | 10-12 || total
---------------------------+-------+-------+-------+-------++-------
  Melee: Short sword       |     9 |    11 |       |       ||    20
         Punch             |     1 |       |       |     1 ||     2
         Dagger            |       |     6 |     6 |       ||    12
         Whip              |       |       |       |    14 ||    14
  Throw: Dart              |       |       |    11 |       ||    11
   Cast: Magic Dart        |    77 |    95 |   135 |    33 ||   340
         Searing Ray       |       |    14 |    46 |    26 ||    86
         Fulminant Prism   |       |       |    10 |    17 ||    27
         Iskenderun's Myst |       |       |     2 |    13 ||    15
  Evoke: Wand              |       |       |     1 |     6 ||     7
    Use: Scroll            |       |       |    20 |       ||    20
 Armour: Robe              |     1 |    31 |    34 |       ||    66
         Scale mail        |       |       |    34 |    95 ||   129
  Dodge: Dodged            |     9 |    40 |    41 |    56 ||   146
  Block: Other             |       |       |     5 |    25 ||    30

Table legend: (Time is in decaauts)
 A = Elapsed time spent in this place.
 B = Non-inter-level travel time spent in this place.
 C = Inter-level travel time spent in this place.
 D = Time resting spent in this place.
 E = Time spent auto-exploring this place.
 F = Levels seen in this place.
 G = Mean time per level.
                   A        B        C        D        E       F      G
               +--------+--------+--------+--------+--------+-----+--------+
         Total |  13406 |  12072 |   1334 |     45 |  10415 |  10 | 1340.6 |
       Dungeon |  13405 |  12072 |   1333 |     45 |  10415 |   9 | 1489.4 |
        Temple |      1 |      0 |      1 |      0 |      0 |   1 |    1.0 |
               +--------+--------+--------+--------+--------+-----+--------+

Top non-repeatable levels by time:
     D:8: 2247 daAuts
     D:1: 1588 daAuts
     D:9: 1540 daAuts
     D:7: 1512 daAuts
     D:6: 1405 daAuts
     D:3: 1370 daAuts
     D:5: 1359 daAuts
     D:2: 1242 daAuts
     D:4: 1139 daAuts
  Temple: 1 daAuts

Levels and vault maps discovered:
D:1:      dpeg_arrival_fog, layout_basic
D:2:      wad_pebble_path, layout_rooms, basic_altar, uniq_robin
D:3:      layout_loops_ring, nzn_hepliaklqana_mist_gate,
          makhleb_altar_promises_db, mainiacjoe_overflow_tiny_flanked,
          hellmonk_ecumenical_altar_inner_sanctum, grunt_ministairs_12
D:4:      layout_rooms, nicolae_ru_sacrificial_ziggurat, serial_glass,
          glass_columns_c, glass_columns_b, minmay_shop_enchanted_jewellery,
          uniq_grinder
D:5:      layout_basic, nicolae_qazlal_general_emergency, chei_slow_surprise,
          marbit_many_paths, uniq_edmund
D:6:      layout_layer_cave, minmay_temple_entry_waves
D:7:      layout_basic, minmay_mini_ossuary
D:8:      layout_basic, gammafunk_temple_overflow_wave, serial_shops,
          nicolae_shop_getting_attention, shop, shop, shop, shop, minmay_puff,
          uniq_maurice
D:9:      minmay_quarter_circles, layout_basic, nemelex_diamond_rough_becter,
          ashenzari_altar_1, nicolae_dithmenos_the_darkroom,
          mainiacjoe_overflow_paths, uniq_grum, uniq_jeremiah
Temple:   nicolae_temple_colour_theory

Table legend: (Time is in decaauts)
 A = Elapsed time spent in this place.
 B = Non-inter-level travel time spent in this place.
 C = Inter-level travel time spent in this place.
 D = Time resting spent in this place.
 E = Time spent auto-exploring this place.
 F = Levels seen in this place.
 G = Mean time per level.
                   A        B        C        D        E       F      G
               +--------+--------+--------+--------+--------+-----+--------+
         Total |  13406 |  12072 |   1334 |     45 |  10415 |  10 | 1340.6 |
       Dungeon |  13405 |  12072 |   1333 |     45 |  10415 |   9 | 1489.4 |
        Temple |      1 |      0 |      1 |      0 |      0 |   1 |    1.0 |
               +--------+--------+--------+--------+--------+-----+--------+

Top non-repeatable levels by time:
     D:8: 2247 daAuts
     D:1: 1588 daAuts
     D:9: 1540 daAuts
     D:7: 1512 daAuts
     D:6: 1405 daAuts
     D:3: 1370 daAuts
     D:5: 1359 daAuts
     D:2: 1242 daAuts
     D:4: 1139 daAuts
  Temple: 1 daAuts

Table legend:
 A = Kills in this place as a percentage of kills in the entire game.
 B = Kills by you in this place as a percentage of kills by you in the entire game.
 C = Kills by friends in this place as a percentage of kills by friends in the entire game.
 D = Other kills in this place as a percentage of other kills in the entire game.
 E = Experience gained in this place as a percentage of experience gained in the entire game.
 F = Experience gained in this place divided by the number of levels of this place that you have seen.
                   A       B       C       D       E      F
               +-------+-------+-------+-------+-------+----------------------
         Total | 100.0 | 100.0 | 100.0 |   N/A | 100.0 | 1318.3
       Dungeon | 100.0 | 100.0 | 100.0 |   N/A | 100.0 | 1464.8
               +-------+-------+-------+-------+-------+----------------------
